 Dungeon Crawl Stone Soup version 0.19-a0-1260-gc94d3f7 (webtiles) character file.

86 FrankyJ the Caller (level 4, 0/24 HPs)
             Began as a Deep Elf Summoner on Aug 28, 2016.
             Slain by Duvessa
             ... wielding a +0 short sword
              (7 damage)
             ... on level 4 of the Dungeon.
             The game lasted 00:07:54 (2502 turns).

FrankyJ the Caller (Deep Elf Summoner)              Turns: 2502, Time: 00:07:54

Health: 0/24       AC:  4    Str:  6    XL:     4   Next: 27%
Magic:  4/12       EV: 13    Int: 20    God:
Gold:   153        SH:  0    Dex: 15    Spells: 2 memorised, 9 levels left

rFire  . . .     SeeInvis .     e - +0 dagger
rCold  . . .     Gourm    .     a - +0 robe
rNeg   . . .     Faith    .     (no shield)
rPois  .         Spirit   .     o - +0 helmet
rElec  .         Dismiss  .     (no cloak)
rCorr  .         Reflect  .     (no gloves)
MR     .....     Harm     .     (no boots)
Stlth  ++........               (no amulet)
                                l - +1 ring of protection
                                d - ring of wizardry

@: no status effects
A: no striking features
a: no special abilities


You were on level 4 of the Dungeon.
You were not hungry.

You visited 1 branch of the dungeon, and saw 4 of its levels.

You collected 153 gold pieces.

Inventory:

Hand Weapons
 e - a +0 dagger (weapon)
Missiles
 i - 8 poisoned javelins
 m - 11 poisoned needles
 n - 3 javelins (quivered)
Armour
 a - a +0 robe (worn)
 o - a +0 helmet (worn)
 u - a +1 leather armour of magic resistance
Jewellery
 d - a ring of wizardry (left hand)
 l - a +1 ring of protection (right hand)
Wands
 p - a wand of flame (22/48)
 t - a wand of flame (28/48)
Scrolls
 k - a scroll of teleportation
 q - a scroll of remove curse
Potions
 f - 3 potions of cancellation
 j - a potion of curing {unknown}
Books
 b - a book of Callings

   Spells                             Type                      Level
   a - Summon Small Mammal            Summoning                    1
   b - Call Imp                       Summoning                    2
   c - Call Canine Familiar           Summoning                    3
   d - Summon Guardian Golem          Hexes/Summoning              3
   e - Summon Lightning Spire         Summoning/Air                4
   f - Summon Ice Beast               Ice/Summoning                4
Comestibles
 c - a bread ration
 g - 2 meat rations
 h - 2 chunks of flesh


   Skills:
 + Level 3.0 Dodging
 + Level 3.3 Stealth
 * Level 4.7 Spellcasting
 + Level 4.9 Summonings


You had 9 spell levels left.
You knew the following spells:

 Your Spells              Type           Power        Failure   Level  Hunger
a - Summon Small Mammal   Summ           ###.         1%          1    None
b - Call Imp              Summ           ###.....     1%          2    #......


Dungeon Overview and Level Annotations

Branches:
Dungeon (4/15)
 Temple: D:4-7

Altars:

Annotations:
D:4 Dowan, Duvessa


Message History

A jackal comes into view.
Your crimson imp blinks!
Your crimson imp blinks!
A jackal comes into view.
You swap places.
Duvessa misses your crimson imp.
Your crimson imp hits Duvessa but does no damage.
Duvessa hits your crimson imp with a short sword.
Your crimson imp blinks!
Duvessa hits your crimson imp with a short sword!
Your crimson imp dies!
Duvessa says, "Where magic fails, the sword succeeds!"
Duvessa hits you with a short sword.
Duvessa says, "Where magic fails, the sword succeeds!"
Duvessa barely misses you. Duvessa hits you with a short sword!
Duvessa hits you with a short sword.
* * * LOW HITPOINT WARNING * * *
Duvessa says, "Did you see that move?
Perfect!"
Duvessa hits you with a short sword!
You die...

#######
#...h.#############
#e###..e.h.hh......
#.# #######........
#.# #.######. ###.#
#.# #...#########.#
#..$he@..<....#
#.########..%........
#. #.######.##. #.
#.# . #.# . #.# #.#
#.#


You could see Duvessa and a jackal.

Vanquished Creatures
  An adder (D:3)
  An orc (D:3)
  A bat (D:2)
  3 giant cockroaches
  A giant newt (D:3)
  A kobold (D:3)
  7 rats
15 creatures vanquished.

Vanquished Creatures (collateral kills)
  3 gnolls (D:3)
  2 adders
  An ooze (D:2)
  2 worms
  2 dart slugs
  2 giant geckos (D:3)
  3 orcs (D:3)
  A ball python (D:3)
  4 giant cockroaches
  2 goblins
  7 hobgoblins
  2 jackals (D:2)
  4 kobolds
  9 bats
  2 giant newts
  A rat (D:2)
47 creatures vanquished.

Grand Total: 62 creatures vanquished

Notes
Turn   | Place    | Note
-------+----------+-------------------------------------------
     0 | D:1      | FrankyJ the Deep Elf Summoner began the quest for the Orb.
     0 | D:1      | Reached XP level 1. HP: 10/10 MP: 6/6
   849 | D:1      | Reached XP level 2. HP: 15/15 MP: 4/8
  1171 | D:2      | Learned a level 2 spell: Call Imp
  1488 | D:2      | Reached XP level 3. HP: 19/19 MP: 2/10
  2026 | D:3      | Reached XP level 4. HP: 24/24 MP: 7/12
  2465 | D:4      | Noticed Duvessa
  2465 | D:4      | Noticed Dowan
  2502 | D:4      | Slain by Duvessa

Vault maps used:
D:1:      dpeg_arrival_chase
D:2:      roderic_malta_cross
D:4:      grunt_temple_overflow_open, first_bread, portal_sewer_entry_a,
          makhleb_heckhound_becter, uniq_duvessa, uniq_grinder

Skill      XL: |  1  2  3  4 |
---------------+-------------+-----
Spellcasting   | 4 |  4.7
Stealth        | 3 |  3.3
Dodging        | 3 |  3.0
Summonings     | |  4.9

Action                   |  1- 3 |  4- 6 || total
-------------------------+-------+-------++-------
Melee: Dagger            |    60 |    34 ||    94
Throw: Javelin           |     1 |       ||     1
 Cast: Summon Small Mamm |    46 |       ||    46
       Call Imp          |    23 |    16 ||    39
Evoke: Wand              |       |     1 ||     1
  Use: Scroll            |     1 |     5 ||     6
 Stab: Sleeping          |     2 |     2 ||     4
  Eat: Chunk             |     4 |     1 ||     5
Armor: Robe              |    30 |     9 ||    39
Dodge: Dodged            |    70 |    19 ||    89
